 Dungeon Crawl Stone Soup version 0.26.1-11-gd32895ea62 (webtiles) character file.

Game seed: 9135291987936820642

1229 rikazweiner the Slasher (level 8, -5/71 HPs)
             Began as a Palentonga Gladiator on June 5, 2021.
             Was a Follower of the Shining One.
             Killed from afar by an electric eel (17 damage)
             ... with a bolt of electricity
             ... on level 6 of the Dungeon.
             The game lasted 00:18:20 (6105 turns).

rikazweiner the Slasher (Palentonga Gladiator)      Turns: 6105, Time: 00:18:21

Health: -5/71      AC: 14    Str: 26    XL:     8   Next: 24%
Magic:  11/11      EV: 11    Int: 15    God:    the Shining One [*.....]
Gold:   281        SH:  0    Dex: 11    Spells: 7/7 levels left

rFire    . . .     SeeInvis +   a - +1 long sword
rCold    . . .     Faith    .   (no shield)
rNeg     . . .     Spirit   .   y - +0 robe of Teur {Str+6 Int+6}
rPois    .         Reflect  .   c - +1 helmet
rElec    .         Harm     .   (no cloak)
rCorr    .         Rampage  .   e - +0 pair of gloves
Will     .....                  (no barding)
Stlth    +.........             (no amulet)
HPRegen  0.21/turn              (no ring)
MPRegen  0.12/turn              (no ring)

@: glowing, curled up
A: large, rugged brown scales 3, see invisible, deformed body, roll 1, armoured
tail, reflexive curl
a: Rolling Charge, Renounce Religion


You were on level 6 of the Dungeon.
You worshipped the Shining One.
The Shining One was aware of your devotion.
You visited 1 branch of the dungeon, and saw 6 of its levels.

You collected 281 gold pieces.

Inventory:

Hand Weapons
 a - a +1 long sword (weapon)
Missiles
 o - 6 curare-tipped darts (quivered)
 p - 11 poisoned darts
Armour
 c - a +1 helmet (worn)
 e - a +0 pair of gloves (worn)
 y - the +0 robe of Teur (worn) {Str+6 Int+6}
   (You found it on level 6 of the Dungeon)

   It affects your strength (+6).
   It affects your intelligence (+6).
Jewellery
 x - an uncursed ring of protection from cold {unknown}
Wands
 n - a wand of digging (5)
Scrolls
 f - 4 scrolls of teleportation
 j - a scroll of blinking
 m - 4 scrolls of remove curse
 s - 2 scrolls of enchant armour
 w - a scroll of amnesia
Potions
 g - a potion of ambrosia
 h - a potion of haste
 i - 3 potions of attraction
 k - 3 potions of resistance
 q - a potion of invisibility
 u - a potion of heal wounds {unknown}
 v - a potion of flight {unknown}


   Skills:
 + Level 4.6 Fighting
 + Level 5.3 Long Blades
 - Level 1.3 Throwing
 - Level 3.3 Armour
 + Level 4.3 Dodging
 * Level 4.3 Invocations
 - Level 1.7 Evocations


You had 7 spell levels left.
You didn't know any spells.
Your spell library contained the following spells:

 Spells                   Type           Power        Failure   Level
 Confusing Touch          Hex            0%           63%         3
 Gell's Gravitas          Tloc           0%           63%         3
 Petrify                  Tmut/Erth      0%           95%         4
 Metabolic Englaciation   Hex/Ice        0%           100%        5
 Yara's Violent Unravell  Hex/Tmut       0%           100%        5


Dungeon Overview and Level Annotations

Branches:
Dungeon (6/15)
 Temple: D:4-7

Altars:
Cheibriados
Dithmenos
Fedhas
Gozag
Kikubaaqudgha
Okawaru
Qazlal
Ru
Sif Muna
Uskayaw
Yredelemnul
Zin
The Shining One

Annotations:
D:6 1 runed translucent door, Almogavar's ghost, novice MfGl


Innate Abilities, Weirdness & Mutations

You are completely covered in rugged brown scales. (AC +3, +7% HP)
You have supernaturally acute eyesight. (SInv)
Armour fits poorly on your strangely shaped body.
You can roll at nearby foes to attack.
You have a long armoured tail.
You curl defensively after being hit.


Message History

Aim: an electric eel (wandering, hasn't noticed you, 38% to hit)
You throw a throwing net.
The throwing net misses the electric eel.
You hear a splash.
Things that are here:
a +0 whip; a gnoll corpse The electric eel shoots out a bolt of lightning at you!
The bolt of electricity hits you!
The electric eel shoots out a bolt of lightning at you!
The bolt of electricity hits you!
* * * LOW HITPOINT WARNING * * *
Throw: throwing net
Press: ? - help, Q - select action, (/) - cycle Shift-Dir - straight line, f/p - electric eel
Aim: an electric eel (38% to hit)
You throw a throwing net. The throwing net hits the electric eel.
The electric eel is caught in the net!
You hear a splash.
The electric eel shoots out a bolt of lightning at you!
The bolt of electricity hits you!
You die...

≈.(............
P≈≈≈≈≈P≈≈P≈..≈P≈.≈......
≈≈≈≈≈≈≈≈≈≈≈≈≈≈≈≈≈≈≈≈≈≈.≈
..≈≈≈≈≈≈≈≈≈≈≈≈≈≈≈≈≈≈≈≈≈P
≈.≈≈≈≈≈(≈≈≈≈≈≈≈≈≈≈≈≈≈≈≈≈
........;P≈(..≈≈≈≈≈≈†≈≈≈
...$...≈......≈.≈P..≈.
#.......#...........
#..@......###.#.....
.####....######...#.....
....>..)#####...........
##.....)))..............
#......##........#....!
....###.##.##.##..#...##
...# #$##....###.......
... #.#..#####........
.....#.....##..†..##....


You could see an electric eel (caught).

Vanquished Creatures
  A water moccasin (D:5)
  2 phantoms
  An ice beast (D:5)
  An ogre (D:5)
  3 centaurs
  A scorpion (D:6)
  An electric eel (D:6)
  A jelly (D:6)
  2 orc priests (D:4)
  2 hounds (D:5)
  A centaur skeleton (D:5)
  A howler monkey skeleton (D:5)
  4 gnolls
  10 adders
  2 shadow imps
  A white imp (D:5)
  An adder skeleton (D:4)
  2 worms
  4 dart slugs
  8 leopard geckos
  10 orcs
  11 bats
  5 giant cockroaches
  6 goblins
  7 hobgoblins
  5 jackals
  3 quokkas
  4 ball pythons
  5 frilled lizards
  A jackal skeleton (D:4)
  3 kobolds
  A leopard gecko skeleton (D:4)
  A leopard gecko zombie (D:5)
  A quokka skeleton (D:5)
  7 rats
119 creatures vanquished.

Vanquished Creatures (others)
  A human (D:5)
  3 plants (D:3)
4 creatures vanquished.

Grand Total: 123 creatures vanquished

Notes
Turn   | Place    | Note
-------+----------+-------------------------------------------
     0 | D:1      | rikazweiner the Palentonga Gladiator began the quest for
                  | the Orb.
     0 | D:1      | Reached XP level 1. HP: 18/18 MP: 1/1
    84 | D:1      | Reached XP level 2. HP: 15/25 MP: 2/2
   431 | D:1      | Reached skill level 1 in Armour
   431 | D:1      | Reached XP level 3. HP: 27/32 MP: 3/3
  1025 | D:2      | Found an iron altar of Okawaru.
  1380 | D:2      | Found a sacrificial altar of Ru.
  1426 | D:2      | Reached XP level 4. HP: 35/39 MP: 4/4
  1882 | D:3      | Found a basalt altar of Yredelemnul.
  1886 | D:3      | Found a shadowy altar of Dithmenos.
  1941 | D:3      | Found a hide-covered altar of Uskayaw.
  2478 | D:3      | Found an opulent altar of Gozag.
  2666 | D:3      | Reached XP level 5. HP: 45/48 MP: 5/5
  3047 | D:3      | Found a faded altar of an unknown god.
  3298 | D:3      | Found a glowing silver altar of Zin.
  3693 | D:4      | Found a shimmering blue altar of Sif Muna.
  3693 | D:4      | Found a blossoming altar of Fedhas.
  3720 | D:4      | Reached skill level 4 in Long Blades
  3779 | D:4      | Found a snail-covered altar of Cheibriados.
  3785 | D:4      | Found a stormy altar of Qazlal.
  3786 | D:4      | Noticed a phantom
  3811 | D:4      | Killed a phantom
  3988 | D:4      | Reached XP level 6. HP: 46/54 MP: 6/6
  4085 | D:4      | Found a glowing golden altar of the Shining One.
  4097 | D:4      | Became a worshipper of the Shining One
  4446 | D:5      | Entered Level 5 of the Dungeon
  4644 | D:5      | Noticed a water moccasin
  4654 | D:5      | Killed a water moccasin
  4655 | D:5      | Reached skill level 1 in Invocations
  4655 | D:5      | Reached skill level 1 in Evocations
  4675 | D:5      | Gained mutation: You curl defensively after being hit.
                  | [Palentonga growth]
  4675 | D:5      | Reached XP level 7. HP: 52/62 MP: 8/8
  5002 | D:5      | Found an ancient bone altar of Kikubaaqudgha.
  5005 | D:5      | Noticed a human
  5007 | D:5      | Killed a human
  5851 | D:6      | Found a runed translucent door.
  5855 | D:6      | Noticed Almogavar's ghost (novice MfGl)
  5855 | D:6      | Reached * piety under the Shining One
  5875 | D:6      | Reached skill level 5 in Long Blades
  5980 | D:6      | Reached XP level 8. HP: 59/71 MP: 10/10
  6010 | D:6      | Got a faintly glowing robe
  6021 | D:6      | Identified the +0 robe of Teur {Str+6 Int+6} (You found it
                  | on level 6 of the Dungeon)
  6105 | D:6      | Killed from afar by an electric eel

Illustrated notes

Levels and vault maps discovered:
D:1:      matt_arrival_refuge, layout_rooms
D:2:      layout_loops_ring, nicolae_ru_path_of_blood, okawaru_trees_2
D:3:      layout_basic, pdpol_temple_overflow_zin_treasury_gozag_greed,
          grunt_temple_overflow_diamond, chequers_ecumenical_altar_lobes,
          minmay_close_crescents
D:4:      layout_basic, grunt_temple_overflow_open, old_standard_altar
D:5:      layout_loops_ring, tgw_kikubaaqudgha
D:6:      layout_rooms, temple_fountains, ebering_ghost_reflecting_pool,
          chequers_big_river, grunt_gozag_statues, uniq_pikel

Skill      XL: |  1  2  3  4  5  6  7  8 |
---------------+-------------------------+-----
Armour         | 1 2 3 |  3.3
Dodging        | 3 4 |  4.3
Fighting       | 3 4 |  4.6
Long Blades    | 4 5 |  5.3
Invocations    | 1 3 4 |  4.3
Evocations     | 1 |  1.7
Throwing       | |  1.3

Action                   |  1- 3 |  4- 6 |  7- 9 || total
-------------------------+-------+-------+-------++-------
Melee: Long sword        |    71 |   198 |    69 ||   338
       Tailslap          |    11 |    31 |    13 ||    55
Throw: Throwing net      |       |       |     4 ||     4
       Dart              |       |       |     1 ||     1
 Abil: Rolling Charge    |     3 |     7 |       ||    10
  Use: Scroll            |     7 |     9 |     1 ||    17
       Potion            |       |     5 |     1 ||     6
Armor: Leather armour    |    36 |    85 |    28 ||   149
Dodge: Dodged            |    45 |   117 |    41 ||   203
       Rpst.: Long sword |    18 |    36 |    11 ||    65
